 Dungeon Crawl Stone Soup version 0.31-a0-986-g5e6e4ef867 (webtiles) character file.

Game seed: 15248691928463050204

6316 zazu2006 the Skirmisher (level 10, -3/94 HPs)
             Began as a Naga Hedge Wizard on Nov 15, 2023.
             Was a Believer of Vehumet.
             Slain by a catoblepas (26 damage)
             ... on level 9 of the Dungeon.
             The game lasted 00:14:34 (6754 turns).

zazu2006 the Skirmisher (Naga Hedge Wizard)         Turns: 6754, Time: 00:14:35

Health: -3/94      AC:  6    Str: 12    XL:     10   Next: 95%
Magic:  17/17      EV: 11    Int: 17    God:    Vehumet [**....]
Gold:   658        SH:  0    Dex: 13    Spells: 12/18 levels left

rFire   . . .        m - +3 greatsling "Punk" {acid, rCorr}
rCold   . . .        (no shield)
rNeg    + . .        p - +1 robe {rN+}
rPois   +            c - +0 hat
rElec   .            (no cloak)
rCorr   +            g - +0 pair of gloves
SInv    +            (no barding)
Will    +....        j - amulet of regeneration
Stlth   +++          (no ring)
HPRegen 1.15/turn    (no ring)
MPRegen 0.15/turn

%: no passive effects
@: mighty, very slow
A: AC +3, large, see invisible, deformed body, poison resistance, slowness 2,
spit poison 1, naga tail 1
a: Spit Poison, Renounce Religion


You were on level 9 of the Dungeon.
You worshipped Vehumet.
Vehumet was pleased with you.
You visited 2 branches of the dungeon, and saw 10 of its levels.

You collected 658 gold pieces.

Inventory:

Hand Weapons
 a - a +0 dagger
 m - the +3 greatsling "Punk" (weapon) {acid, rCorr}
   (You found it on level 2 of the Dungeon)

   rCorr:     It protects you from acid and corrosion.
Missiles
 v - 2 throwing nets
Armour
 c - a +0 hat (worn)
 g - a +0 pair of gloves (worn)
 p - a +1 robe of positive energy (worn)
Jewellery
 j - an amulet of regeneration (around neck)
Wands
 k - a wand of flame (22)
 y - a wand of paralysis (29)
 E - a wand of roots (2)
Scrolls
 e - 4 scrolls of identify {unknown}
 h - a scroll of fear {unknown}
 i - 6 scrolls of enchant weapon {unknown}
 r - 4 scrolls of amnesia {unknown}
 t - 3 scrolls of blinking {unknown}
 u - 2 scrolls of teleportation {unknown}
 w - a scroll of fog {unknown}
 x - 2 scrolls of enchant armour {unknown}
 A - a scroll of immolation {unknown}
 F - a scroll of revelation {unknown}
Potions
 b - 3 potions of enlightenment {unknown}
 d - a potion of magic
 f - 3 potions of curing
 l - 3 potions of might
 n - 4 potions of cancellation {unknown}
 o - a potion of invisibility {unknown}
 q - 3 potions of heal wounds {unknown}
 s - 2 potions of lignification {unknown}
 z - 3 potions of degeneration {unknown}
 B - a potion of attraction {unknown}
 C - a potion of ambrosia {unknown}
 D - a potion of haste {unknown}


   Skills:
 + Level 7.0 Fighting
 + Level 11.4 Ranged Weapons
 + Level 3.8 Dodging
 + Level 4.7 Stealth
 + Level 4.8 Spellcasting
 + Level 2.3 Conjurations
 + Level 1.0 Summonings
 + Level 1.0 Translocations
 + Level 3.7 Poison Magic


You had 12 spell levels left.
You knew the following spells:

 Your Spells              Type           Power      Damage    Failure   Level
a - Magic Dart            Conj           48%        1d5       5%          1
b - Mephitic Cloud        Conj/Pois/Air  11%        N/A       19%         3
c - Blink                 Tloc           14%        N/A       14%         2

Your spell library contained the following spells:

 Spells                   Type           Power      Damage    Failure   Level
 Searing Ray              Conj           24%        2d5       9%          2
 Apportation              Tloc           14%        N/A       10%         1
 Cigotuvi's Dreadful Rot  Necr/Pois/Air  16%        N/A       13%         2
 Slow                     Hex            16%        N/A       14%         1
 Call Imp                 Summ           14%        N/A       14%         2
 Ensorcelled Hibernation  Hex/Ice        8%         N/A       22%         2
 Jinxbite                 Hex            8%         N/A       22%         2
 Sublimation of Blood     Necr           4%         N/A       22%         2
 Ignite Poison            Fire/Tmut/Pois 8%         N/A       26%         3
 Ozocubu's Armour         Ice            4%         N/A       41%         3
 Tukima's Dance           Hex            4%         N/A       41%         3
 Iskenderun's Mystic Bla  Conj/Tloc      9%         2d4       58%         4
 Dimensional Bullseye     Hex/Tloc       2%         N/A       75%         4
 Anguish                  Hex/Necr       2%         N/A       82%         4
 Dispel Undead            Necr           4%         3d7       82%         4
 Petrify                  Tmut/Erth      4%         N/A       82%         4
 Alistair's Intoxication  Tmut/Pois      6%         N/A       88%         5
 Irradiate                Conj/Tmut      4%         3d13      94%         5
 Freezing Cloud           Conj/Ice/Air   3%         6-21      96%         5
 Death Channel            Necr           2%         N/A       100%        6
 Ozocubu's Refrigeration  Ice            2%         4d7       100%        7


Dungeon Overview and Level Annotations

Branches:
Dungeon (9/15)             Temple (1/1) D:7
   Lair: D:8-11         Orc: D:9-12

Altars:
Ashenzari
Cheibriados
Dithmenos
Elyvilon
Fedhas
Gozag
Hepliaklqana
Kikubaaqudgha
Makhleb
Nemelex Xobeh
Okawaru
Qazlal
Ru
Sif Muna
Trog
Vehumet
Wu Jian
Xom
Yredelemnul
Zin
The Shining One

Shops:
D:8 :


Innate Abilities, Weirdness & Mutations

Your serpentine skin is tough. (AC +3)
You have supernaturally acute eyesight. (SInv)
Armour fits poorly on your strangely shaped body.
Your system is resistant to poisons. (rPois)
You cover ground very slowly.
You can spit poison.
You have a snake-like lower body.


Message History

Vehumet accepts your kill.
The killer bee stings you but does no damage.
The killer bee completely misses you.
A catoblepas comes into view.
Fire: m) +3 greatsling "Punk" {acid, rCorr}
Press: ? - help, Q - select action, (/) - cycle Shift-Dir - straight line, f - killer bee
Aim: a killer bee (severely wounded, 44% to hit)
You shoot a sling bullet. The sling bullet hits the killer bee!
You kill the killer bee!
Vehumet accepts your kill.
Fire: m) +3 greatsling "Punk" {acid, rCorr}
Press: ? - help, Q - select action, (/) - cycle Shift-Dir - straight line, f - catoblepas
Aim: a catoblepas (91% to hit)
You shoot a sling bullet.
The sling bullet hits the catoblepas but does no damage.
The catoblepas is splashed with acid.
The catoblepas is lightly wounded.
Fire: m) +3 greatsling "Punk" {acid, rCorr}
Press: ? - help, Q - select action, (/) - cycle Shift-Dir - straight line, f/p - catoblepas
Aim: a catoblepas (lightly wounded, 91% to hit)
You shoot a sling bullet. The sling bullet hits the catoblepas.
The catoblepas is splashed with acid.
The acid corrodes the catoblepas!
The catoblepas is lightly wounded.
The catoblepas barely misses you.
Fire: m) +3 greatsling "Punk" {acid, rCorr}
Press: ? - help, Q - select action, (/) - cycle Shift-Dir - straight line, f/p - catoblepas
Aim: a catoblepas (lightly wounded, covered in acid, 91% to hit)
You shoot a sling bullet. The sling bullet hits the catoblepas!
The catoblepas is splashed with acid.
The catoblepas is moderately wounded.
An orc warrior comes into view. It is wielding a +0 scimitar.
The catoblepas gores you!!
* * * LOW HITPOINT WARNING * * *
Unknown command.
It was a potion of might.
You feel very mighty all of a sudden.
The catoblepas gores you but does no damage.
You feel better. The catoblepas gores you!!
You die...

#...# #..
#...## #..
#.#..# ..# #
#(#..# ..
####.###....#
#..........##
#.##.......#
######..#
#@## #Y# #o)#
#(... ###.##
.# .# #


You could see a catoblepas (corroded) and an orc warrior.

Vanquished Creatures
  A two-headed ogre (D:9)
  Pikel (D:6)
  Sigmund (D:3)
  8 yaks
  An acid dragon (D:8)
  Duvessa (D:6)
  A water moccasin (D:7)
  3 orc warriors
  2 ice beasts
  Pargi (D:3)
  An ogre (D:5)
  3 black bears
  2 sky beasts
  3 lemures (D:6)
  A centaur (D:6)
  2 phantoms
  A kobold brigand (D:9)
  2 bullfrogs
  A gnoll sergeant (D:6)
  3 scorpions
  5 wights (D:8)
  Dowan (D:6)
  12 killer bees
  A howler monkey (D:6)
  An electric eel (D:6)
  3 hounds
  4 orc priests
  3 gnoll boudas
  A sleepcap (D:3)
  Natasha (thrice) (D:2)
  2 iguanas
  7 orc wizards
  25 gnolls
  8 adders
  A shadow imp (D:7)
  A worm (D:4)
  3 dart slugs
  21 orcs
  6 ball pythons
  8 endoplasms
  3 giant cockroaches
  4 goblins
  6 hobgoblins
  2 jackals (D:2)
  10 kobolds
  2 quokkas
  2 bats (D:1)
  5 rats
189 creatures vanquished.

Notes
Turn   | Place    | Note
-------+----------+-------------------------------------------
     0 | D:1      | zazu2006 the Naga Hedge Wizard began the quest for the Orb.
     0 | D:1      | Reached XP level 1. HP: 15/15 MP: 4/4
     6 | D:1      | Noticed an iguana
     6 | D:1      | Noticed a black bear
     6 | D:1      | Noticed a swamp drake
     7 | D:1      | Noticed a swamp worm
     7 | D:1      | Noticed a black mamba
   335 | D:1      | Reached XP level 2. HP: 22/22 MP: 4/6
  1125 | D:2      | Noticed Natasha
  1128 | D:2      | Killed Natasha
  1129 | D:2      | Reached XP level 3. HP: 28/28 MP: 4/8
  1142 | D:2      | Learned a level 3 spell: Mephitic Cloud
  1145 | D:2      | Learned a level 2 spell: Blink
  1326 | D:2      | Reached XP level 4. HP: 36/36 MP: 8/10
  1629 | D:2      | Found a snail-covered altar of Cheibriados.
  1631 | D:2      | Noticed Natasha
  1645 | D:2      | Killed Natasha
  1646 | D:2      | Reached skill level 1 in Poison Magic
  1682 | D:2      | Noticed Natasha
  1687 | D:2      | Killed Natasha
  1688 | D:2      | Reached XP level 5. HP: 23/43 MP: 5/11
  1895 | D:2      | Found the +3 greatsling "Punk" {acid, rCorr}
  2234 | D:3      | Noticed Sigmund
  2252 | D:3      | Killed Sigmund
  2253 | D:3      | Reached skill level 1 in Fighting
  2253 | D:3      | Reached skill level 1 in Ranged Weapons
  2253 | D:3      | Reached XP level 6. HP: 32/51 MP: 11/13
  2540 | D:3      | Found a broken altar of Ashenzari.
  2542 | D:3      | Noticed Pargi
  2550 | D:3      | Killed Pargi
  2551 | D:3      | Reached skill level 2 in Ranged Weapons
  2551 | D:3      | Reached XP level 7. HP: 50/57 MP: 14/14
  2830 | D:4      | Found a white marble altar of Elyvilon.
  2849 | D:4      | Reached skill level 3 in Ranged Weapons
  3634 | D:5      | Entered Level 5 of the Dungeon
  3682 | D:5      | Reached skill level 4 in Ranged Weapons
  3812 | D:5      | Reached XP level 8. HP: 68/68 MP: 15/15
  3829 | D:5      | Reached skill level 5 in Ranged Weapons
  4520 | D:6      | Reached skill level 6 in Ranged Weapons
  4659 | D:6      | Found a snail-covered altar of Cheibriados.
  4659 | D:6      | Found an iron altar of Okawaru.
  4659 | D:6      | Found a sparkling altar of Nemelex Xobeh.
  4745 | D:6      | Noticed Dowan
  4746 | D:6      | Noticed Duvessa
  4750 | D:6      | Killed Duvessa
  4751 | D:6      | Reached skill level 7 in Ranged Weapons
  4754 | D:6      | Killed Dowan
  4755 | D:6      | Reached XP level 9. HP: 62/76 MP: 16/16
  4778 | D:6      | Found a shimmering altar of Xom.
  4821 | D:6      | Noticed Pikel
  4832 | D:6      | Killed Pikel
  4833 | D:6      | Reached skill level 8 in Ranged Weapons
  5171 | D:7      | Found a staircase to the Ecumenical Temple.
  5188 | Temple   | Entered the Ecumenical Temple
  5205 | Temple   | Became a worshipper of Vehumet
  5243 | D:7      | Reached skill level 9 in Ranged Weapons
  5303 | D:7      | Reached skill level 5 in Fighting
  5455 | D:7      | Reached XP level 10. HP: 88/88 MP: 17/17
  5487 | D:7      | Reached skill level 10 in Ranged Weapons
  5541 | D:7      | Reached * piety under Vehumet
  5541 | D:7      | Offered knowledge of Freeze by Vehumet.
  5911 | D:8      | Found a stormy altar of Qazlal.
  6160 | D:8      | Found Kahigg's Tiny Tomes.
  6281 | D:8      | Found a sacrificial altar of Ru.
  6475 | D:9      | Noticed a two-headed ogre
  6482 | D:9      | Killed a two-headed ogre
  6483 | D:9      | Reached skill level 11 in Ranged Weapons
  6731 | D:9      | Reached ** piety under Vehumet
  6739 | D:9      | Offered knowledge of Searing Ray by Vehumet.
  6748 | D:9      | Noticed a catoblepas
  6754 | D:9      | Slain by a catoblepas

Illustrated notes

Levels and vault maps discovered:
D:1:      onia_arrival_zoo_common, layout_loops_ring
D:2:      layout_rooms, basic_altar, uniq_natasha
D:3:      layout_basic, mainiacjoe_overflow_cross_hatched, uniq_sigmund,
          uniq_pargi
D:4:      layout_loops_corners, elyvilon_altar_3
D:5:      layout_basic, nicolae_titane
D:6:      layout_rooms, gammafunk_temple_overflow_claw,
          mainiacjoe_overflow_chevrons, fountainhead, uniq_duvessa, uniq_pikel
D:7:      layout_cave_pools, minmay_temple_entry_fiery, minmay_strange_pillars,
          kennysheep_small_spiral, nicolae_underground_beach
D:8:      layout_cave_pools, mainiacjoe_overflow_small_starburst,
          mainiacjoe_overflow_paths, palyth_stone_intersect,
          kennysheep_flooded_box, nicolae_shop_i_like_small_books_too,
          minmay_misc_feat_chi
D:9:      layout_loops_ring, orc_0_dummy, minmay_pinched_square
Temple:   compressed_dpeg_triangle_lava_temple

Skill      XL: |  1  2  3  4  5  6  7  8  9 10 |
---------------+-------------------------------+-----
Spellcasting   | 4 |  4.8
Dodging        | 2 3 |  3.8
Poison Magic   | 1 2 3 |  3.7
Fighting       | 1 2 3 5 7 |  7.0
Ranged Weapons | 1 2 4 7 9 11 | 11.4
Conjurations   | 2 |  2.3
Stealth        | 4 |  4.7
Summonings     | |  1.0
Translocations | |  1.0

Action                     |  1- 3 |  4- 6 |  7- 9 | 10-12 || total
---------------------------+-------+-------+-------+-------++-------
  Melee: Dagger            |    13 |       |       |       ||    13
         Punch             |     1 |       |       |       ||     1
   Fire: Greatsling        |       |    49 |   253 |   151 ||   453
   Cast: Magic Dart        |    50 |    48 |       |       ||    98
Ability: Spit Poison       |    12 |     2 |       |       ||    14
    Use: Potion            |       |     1 |       |     2 ||     3
 Armour: Robe              |    22 |    28 |    94 |    57 ||   201
  Dodge: Dodged            |    17 |    15 |    59 |    23 ||   114

Table legend: (Time is in decaauts)
 A = Elapsed time spent in this place.
 B = Non-inter-level travel time spent in this place.
 C = Inter-level travel time spent in this place.
 D = Time resting spent in this place.
 E = Time spent auto-exploring this place.
 F = Levels seen in this place.
 G = Mean time per level.
                   A        B        C        D        E       F      G
               +--------+--------+--------+--------+--------+-----+--------+
         Total |   8691 |   8389 |    302 |      0 |   7298 |  10 |  869.1 |
       Dungeon |   8649 |   8365 |    284 |      0 |   7298 |   9 |  961.0 |
        Temple |     42 |     25 |     17 |      0 |      0 |   1 |   42.0 |
               +--------+--------+--------+--------+--------+-----+--------+

Top non-repeatable levels by time:
     D:1: 1389 daAuts
     D:5: 1190 daAuts
     D:4: 1142 daAuts
     D:2: 1060 daAuts
     D:3: 1034 daAuts
     D:7: 925 daAuts
     D:6: 794 daAuts
     D:8: 772 daAuts
     D:9: 340 daAuts
  Temple: 42 daAuts
